 Dungeon Crawl Stone Soup version 0.16.0-8-gd9ae3a8 (webtiles) character file.

87 Chiseanne the Insei (level 4, -3/24 HPs)
             Began as a Vine Stalker Monk on Mar 16, 2015.
             Was an Initiate of Ru.
             Killed from afar by an orc wizard (8 damage)
             ... with a puff of flame
             ... on level 3 of the Dungeon.
             The game lasted 00:06:45 (1799 turns).

Chiseanne the Insei (Vine Stalker Monk)             Turns: 1799, Time: 00:06:45

Health: -3/24      AC:  3    Str: 13    XL:     4   Next: 51%
Magic:  0/5        EV: 14    Int: 10    God:    Ru [......]
Gold:   127        SH:  0    Dex: 18    Spells: 0 memorised, 3 levels left

rFire  . . .     SeeInvis .       - Unarmed
rCold  . . .     Clarity  .     a - +0 robe
rNeg   . . .     SustAb   .     (no shield)
rPois  .         Gourm    .     (no helmet)
rElec  .         Spirit   +     f - +0 cloak
rCorr  .         Warding  .     (no gloves)
rMut   .         Stasis   .     (no boots)
MR     .....                    i - amulet of rage
Stlth  ..........               (no ring)
                                (no ring)

@: not resistant to hostile enchantments, extremely unstealthy
A: fangs 2, regeneration 1, magic shield, antimagic bite, no device heal 3, rot
immunity, no stealth
a: Renounce Religion, Evoke Berserk Rage


You were on level 3 of the Dungeon.
You worshipped Ru.
Ru was noncommittal.
You were not hungry.

You visited 1 branch of the dungeon, and saw 3 of its levels.

You collected 127 gold pieces.

Inventory:

Armour
 a - a +0 robe (worn)
 f - a +0 cloak (worn)
Jewellery
 i - an amulet of rage (around neck)
 k - an uncursed ring of fire
Magical devices
 j - a wand of fireball (4)
Scrolls
 c - 2 scrolls of remove curse {unknown}
 d - a scroll of amnesia {unknown}
 g - 2 scrolls of identify {unknown}
 l - 2 scrolls of enchant armour {unknown}
 m - a scroll of magic mapping {unknown}
 o - a scroll of random uselessness {unknown}
Potions
 e - a potion of magic {unknown}
 h - 3 potions of cancellation {unknown}
Comestibles
 b - 4 bread rations
 n - a chunk of flesh


   Skills:
 * Level 3.3 Fighting
 * Level 3.0 Dodging
 * Level 4.8 Unarmed Combat


You had 3 spell levels left.
You didn't know any spells.

Dungeon Overview and Level Annotations

Branches:
Dungeon (3/15)

Altars:
Ru


Innate Abilities, Weirdness & Mutations

You have extremely sharp teeth.
Your natural rate of healing is unusually fast.
When hurt, damage is shared between your health and your magic reserves.
Your bite disrupts and absorbs the magic of your enemies.
Potions and wands cannot restore your health.
You are immune to rotting.
You cannot be stealthy.


Message History

The orc wizard gestures wildly while chanting.
The orc wizard seems to speed up.
The orc hits you but does no damage.
You closely miss the orc. The orc closely misses you.
The orc hits you from afar with a trident.
The orc hits you with a hand axe. The orc closely misses you.
The orc closely misses you.
The orc wizard gestures wildly while chanting.
The orc wizard flickers and vanishes!
Deactivating autopickup; reactivate with Ctrl-A.
The orc priest mumbles some strange prayers to Beogh against you.
Something smites you!
* * * LOW HITPOINT WARNING * * *
The orc closely misses you.
You feel troubled.
There is an open door here.
Unknown command.
You feel troubled.
You hear some strange, mumbled words.
The puff of flame hits you!
You die...

#....# #.>...#####.....
#####r##### #.....+.........
#.......o.####.....######....
#####.###...##......(..##....
#.###o..# ........##....
#.......# #.....###...
#.##....# #.....###...
####....#### #....)......
#....@..# #...........
#######.# #........... #.#
##.#####..<. #.# #.# #.###
#.# #.# #.# #.####.# ###
#......# ########


You could see 2 orcs.

Vanquished Creatures
  An adder (D:3)
  4 worms
  A giant gecko (D:1)
  2 oozes (D:2)
  3 giant cockroaches
  8 goblins
  6 hobgoblins
  3 kobolds
  3 ball pythons
  9 bats
  5 giant newts
  9 rats
  A plant (D:2)
55 creatures vanquished.

Notes
Turn   | Place    | Note
--------------------------------------------------------------
     0 | D:1      | Chiseanne, the Vine Stalker Monk, began the quest for the Orb.
     0 | D:1      | Reached XP level 1. HP: 11/11 MP: 1/1
   125 | D:1      | Reached XP level 2. HP: 16/16 MP: 3/3
   397 | D:1      | Reached XP level 3. HP: 19/19 MP: 4/4
   943 | D:2      | Found a sacrificial altar of Ru.
  1018 | D:2      | Became a worshipper of Ru the Awakened
  1037 | D:2      | Gained mutation: You cannot be stealthy. [Ru sacrifice]
  1139 | D:2      | Reached XP level 4. HP: 14/24 MP: 2/5
  1782 | D:3      | HP: 1/24 [orc priest/divine providence (9)]
  1799 | D:3      | Killed from afar by an orc wizard

Action                   |  1- 3 |  4- 6 || total
-------------------------+-------+-------++-------
Melee: Unarmed           |   113 |    25 ||   138
Invok: Sacrifice Stealth |     1 |       ||     1
 Stab: Sleeping          |     7 |       ||     7
  Eat: Chunk             |     1 |     2 ||     3
